 Dungeon Crawl Stone Soup version 0.17.0-25-gefc9c12 (webtiles) character file.

2290 Raultor the Martial Artist (level 9, -7/63 HPs)
             Began as an Octopode Monk on Nov 18, 2015.
             Was a Believer of Cheibriados.
             Killed from afar by a centaur (18 damage)
             ... with a wand of lightning
             ... on level 7 of the Dungeon.
             The game lasted 00:18:37 (7704 turns).

Raultor the Martial Artist (Octopode Monk)          Turns: 7704, Time: 00:18:38

Health: -7/63      AC:  3    Str: 13 (14) XL:     9   Next: 40%
Magic:  9/9        EV: 20    Int: 16      God:    Cheibriados [**....]
Gold:   199        SH:  5    Dex: 22      Spells: 0 memorised, 8 levels left

rFire  . . .     SeeInvis .       - Unarmed
rCold  . . .     Clarity  .     I - +0 buckler
rNeg   . . .     SustAt   .     r - +2 hat
rPois  .         Gourm    .     (no amulet)
rElec  .         Spirit   .     s - ring of stealth
rCorr  .         Warding  .     x - ring of stealth
rMut   .         Stasis   .     y - +1 ring of evasion
MR     .....                    (no ring)
Stlth  ++++++....               (no ring)
                                (no ring)
                                (no ring)
                                (no ring)

@: very slow, not resistant to hostile enchantments, very stealthy
A: almost no armour, amphibious, 8 rings, constrict 8, camouflage 1, gelatinous
body 1
a: Bend Time, Renounce Religion


You were on level 7 of the Dungeon.
You worshipped Cheibriados.
Cheibriados was pleased with you.
You were not hungry.

You visited 2 branches of the dungeon, and saw 8 of its levels.

You collected 359 gold pieces.
You spent 160 gold pieces at shops.

Inventory:

Hand Weapons
 a - a +0 blowgun
Missiles
 p - a throwing net (quivered)
 v - 11 poisoned needles
 z - 3 needles of slowing
 A - 5 curare-tipped needles
Armour
 r - a +2 hat (worn)
 I - a +0 buckler (worn)
Jewellery
 s - a ring of stealth (left tentacle)
 x - a ring of stealth (right tentacle)
 y - a +1 ring of evasion (on tentacle)
Wands
 C - a wand of polymorph (5)
Scrolls
 c - a scroll of enchant armour
 d - 11 scrolls of identify
 e - 2 scrolls of blinking
 f - 4 scrolls of teleportation
 j - a scroll of magic mapping
 l - 2 scrolls of remove curse
 o - a scroll of random uselessness
 w - a scroll of fog
Potions
 b - a potion of agility
 h - a potion of might
 n - 2 potions of curing
 B - 4 potions of haste
 D - 2 potions of brilliance
Comestibles
 k - a beef jerky
 m - 5 meat rations
 t - 2 bread rations
 E - a slice of pizza
 F - a royal jelly
 J - 5 fruits


   Skills:
 + Level 6.6 Fighting
 + Level 7.8 Dodging
 - Level 3.2 Stealth
 + Level 1.1 Shields
 + Level 8.8 Unarmed Combat


You had 8 spell levels left.
You didn't know any spells.

Dungeon Overview and Level Annotations

Branches:
Dungeon (7/15)             Temple (1/1) D:7

Altars:
Ashenzari
Cheibriados
Dithmenos
Elyvilon
Fedhas
Gozag
Kikubaaqudgha
Makhleb
Nemelex Xobeh
Okawaru
Qazlal
Ru
Sif Muna
Trog
Vehumet
Xom
Yredelemnul
Zin
The Shining One

Shops:
D:5 *   D:6 *

Annotations:
D:5 Grinder


Innate Abilities, Weirdness & Mutations

You cannot wear most types of armour.
You are amphibious.
You can wear up to eight rings at the same time.
You can use your tentacles to constrict eight enemies at once.
Your skin changes colour to match your surroundings (Stealth).
Your rubbery body absorbs attacks (AC +1).


Message History

You barely miss the centaur.
The centaur unwields an uncursed shortbow.
The centaur hits you.
You tentacle-slap the centaur.
The centaur is lightly wounded.
The centaur zaps a wand.
The bolt of lightning misses you. The bolt of lightning hits you!
* * * LOW HITPOINT WARNING * * *
The centaur closely misses you.
You tentacle-slap the centaur but do no damage.
The centaur is lightly wounded.
The centaur barely misses you.
You tentacle-slap the centaur. You squeeze the centaur.
The centaur is moderately wounded.
The centaur zaps a wand.
The bolt of lightning hits you!
* * * LOW HITPOINT WARNING * * *
The bolt of lightning misses you.
Drink which item? (? for menu, Esc to quit)
You feel better.
The centaur zaps a wand.
The bolt of lightning hits you!
You die...

# #...#####.#########.##.# #.#
###...#####.# #.##.# #.#
.÷........#.# ### #.##.# #.#
#####.###.#.. ... ..##.# #.. #
#.# ### #.## ####.# #.. # #.#
###..## #.# ## # #.# #.....# #.#
#####.# #.PP..# #.# ...##.#
.####Pc@..## #.#
......###...........# #.#
..........####...P..####†########
##.##.## #....#.#.............. .
.# # #.##.#...#####.####### ## #
#. #.....# #.# . ###.### #.# . .>
#.# #.# # #.# #.#


You could see a centaur.

Vanquished Creatures
  A manticore (D:7)
  Duvessa (D:5)
  An ice beast (D:6)
  A centaur (D:4)
  2 sky beasts (D:5)
  2 ogres
  2 giant frogs
  Dowan (D:5)
  3 scorpions
  4 killer bees (D:7)
  4 orc priests
  A crimson imp (D:6)
  A hound (D:7)
  Crazy Yiuf (D:6)
  A giant frog skeleton (D:5)
  3 iguanas
  5 orc wizards
  Terence (D:3)
  5 worker ants
  8 adders
  An adder skeleton (D:4)
  2 worms (D:3)
  7 giant geckos
  16 orcs
  A ball python (D:5)
  5 giant cockroaches
  9 hobgoblins
  9 bats
  9 giant newts
  10 goblins
  4 jackals (D:3)
  10 kobolds
  8 rats
139 creatures vanquished.

Notes
Turn   | Place    | Note
--------------------------------------------------------------
     0 | D:1      | Raultor the Octopode Monk began the quest for the Orb.
     0 | D:1      | Reached XP level 1. HP: 16/16 MP: 1/1
   152 | D:1      | Reached XP level 2. HP: 15/21 MP: 2/2
   691 | D:2      | Reached XP level 3. HP: 26/26 MP: 3/3
   988 | D:2      | Found a bloodstained altar of Trog.
  1324 | D:2      | Reached XP level 4. HP: 31/31 MP: 4/4
  1650 | D:3      | Noticed Terence
  1662 | D:3      | Killed Terence
  2379 | D:3      | Found a faded altar to an unknown god.
  2705 | D:3      | Reached skill level 5 in Unarmed Combat
  2708 | D:3      | Reached XP level 5. HP: 29/36 MP: 5/5
  3323 | D:4      | Noticed a centaur
  3328 | D:4      | Reached XP level 6. HP: 41/43 MP: 6/6
  3337 | D:4      | Killed a centaur
  3735 | D:4      | Reached skill level 6 in Unarmed Combat
  3735 | D:4      | Reached XP level 7. HP: 37/49 MP: 7/7
  3884 | D:4      | Reached skill level 5 in Dodging
  3971 | D:5      | Entered Level 5 of the Dungeon
  4134 | D:5      | Noticed Dowan
  4232 | D:5      | Noticed Duvessa
  4249 | D:5      | Killed Dowan
  4249 | D:5      | Reached skill level 5 in Fighting
  4251 | D:5      | Killed Duvessa
  4336 | D:5      | Reached skill level 7 in Unarmed Combat
  4336 | D:5      | Reached XP level 8. HP: 17/55 MP: 8/8
  5142 | D:5      | Found Imecwaow's Assorted Antiques.
  5148 | D:5      | Bought a scroll of identify for 64 gold pieces
  5148 | D:5      | Bought a scroll labeled WAENAD CAUVUOB for 32 gold pieces
  5148 | D:5      | Bought a scroll of identify for 64 gold pieces
  5530 | D:5      | Noticed Grinder
  5957 | D:6      | Noticed Crazy Yiuf
  5963 | D:6      | Killed Crazy Yiuf
  6056 | D:6      | Found Uteatrym's General Store.
  6192 | D:6      | Reached skill level 8 in Unarmed Combat
  6649 | D:7      | Reached XP level 9. HP: 19/62 MP: 9/9
  7024 | D:7      | Noticed a manticore
  7041 | D:7      | Killed a manticore
  7041 | D:7      | Reached skill level 1 in Shields
  7329 | D:7      | Found a glowing silver altar of Zin.
  7329 | D:7      | Noticed an angel
  7379 | D:7      | Found a staircase to the Ecumenical Temple.
  7390 | Temple   | Entered the Ecumenical Temple
  7681 | Temple   | Became a worshipper of Cheibriados the Contemplative
  7681 | Temple   | Reached * piety under Cheibriados
  7681 | Temple   | Reached ** piety under Cheibriados
  7704 | D:7      | Killed from afar by a centaur

Action                   |  1- 3 |  4- 6 |  7- 9 || total
-------------------------+-------+-------+-------++-------
Melee: Unarmed           |    75 |   123 |   156 ||   354
 Fire: Blowgun           |       |       |    57 ||    57
  Use: Scroll            |       |       |    10 ||    10
       Potion            |       |       |    11 ||    11
 Stab: Sleeping          |    16 |    19 |    20 ||    55
       Distracted        |       |       |     2 ||     2
  Eat: Chunk             |     1 |     8 |    11 ||    20
       Bread ration      |       |       |     1 ||     1
